 Dungeon Crawl Stone Soup version 0.30.0-21-gd299b56b3f (webtiles) character file.

Game seed: 12636647094609617230

223070 qw the Severer (level 19, -15/124 HPs)
             Began as a Gargoyle Fighter on June 2, 2023.
             Was a High Priest of Okawaru.
             Demolished by a vault warden
             ... wielding a +1 heavy great sword
              (62 damage)
             ... on level 1 of the Vaults.
             The game lasted 00:15:18 (29443 turns).

qw the Severer (Gargoyle Fighter)                  Turns: 29443, Time: 00:15:18

Health: -15/124    AC: 50    Str: 32    XL:     19   Next: 25%
Magic:  24/26      EV: 17    Int: 10    God:    Okawaru [*****.]
Gold:   2240       SH: 16    Dex: 12    Spells: 18/18 levels left

rFire   . . .        v - +9 broad axe of Vajeoged {heavy, rC+}
rCold   + + .        C - +1 kite shield {rC+}
rNeg    + + .        J - +3 plate armour of the Gate {Will+}
rPois   inf          m - +2 helmet
rElec   +            g - +2 cloak {Will+}
rCorr   .            p - +0 pair of gloves
SInv    .            s - +2 pair of boots of the Distant Future {rElec rN+ Str+2 Dex-3}
Will    ++++.        z - amulet of faith Stlth
                     h - +5 ring of evasion
HPRegen 0.40/turn    q - ring "Jaoset" {Str+3 Dex+6}
MPRegen 0.20/turn

%: faith
@: heroic, flying
A: sickness immunity, AC +14, big wings, negative energy resistance 1,
electricity resistance, torment resistance 1, petrification resistance,
strong-willed 1, passive freeze, MP-powered wands
}: 1/15 runes: serpentine
a: Renounce Religion, Heroism, Finesse, Duel


You were on level 1 of the Vaults.
You worshipped Okawaru.
Okawaru was extremely pleased with you.
You visited 7 branches of the dungeon, and saw 31 of its levels.
You also visited: Gauntlet.

You collected 3234 gold pieces.
You spent 994 gold pieces at shops.


Innate Abilities, Weirdness & Mutations

You are immune to sickness and miasma.
Your stone body is resilient. (AC +14)
You are immune to poison.
Your large and strong wings let you fly.
You resist negative energy. (rN+)
You are resistant to electric shocks. (rElec)
You are resistant to unholy torment.
You are immune to petrification.
You are strong-willed. (Will+)
A frigid envelope surrounds you and freezes all who hurt you.
You expend magic power (3 MP) to strengthen your wands.


   Skills:
 + Level 15.5(20.5) Fighting
 - Level 18.0(23.0) Axes
 - Level 9.0(14.0) Throwing
 - Level 15.0(20.0) Armour
 - Level 5.0(10.0) Dodging
 - Level 15.0(20.0) Shields
 - Level 10.0 Invocations


You had 18 spell levels left.
You didn't know any spells.
Your spell library was empty.

Inventory:

Hand Weapons
 v - the +9 broad axe of Vajeoged (weapon) {heavy, rC+}
   (Okawaru gifted it to you on level 2 of the Lair of Beasts)

   rC:        It protects you from cold.
Missiles
 j - 2 silver javelins (quivered)
 x - 7 javelins
 D - 9 boomerangs
Armour
 b - a scarf of resistance
 g - a +2 cloak of willpower (worn)
 i - +0 acid dragon scales
 m - a +2 helmet (worn)
 p - a +0 pair of gloves (worn)
 s - the +2 pair of boots of the Distant Future (worn) {rElec rN+ Str+2 Dex-3}
   (Okawaru gifted it to you on level 5 of the Lair of Beasts)

   Str:       It affects your strength (+2).
   Dex:       It affects your dexterity (-3).
   rElec:     It insulates you from electricity.
   rN:        It protects you from negative energy.
 C - a +1 kite shield of cold resistance (worn)
 H - the +0 plate armour of the Game Afoot {Harm SInv}
   (You found it on level 3 of the Snake Pit)

   SInv:      It lets you see invisible.
   Harm:      It increases damage dealt and taken.
 J - the +3 plate armour of the Gate (worn) {Will+}
   (You found it on level 1 of the Swamp)

   Will:      It increases your willpower.
Jewellery
 h - a +5 ring of evasion (left hand)
 q - the ring "Jaoset" (right hand) {Str+3 Dex+6}
   (You found it on level 6 of the Dungeon)

   [ring of dexterity]

   Str:       It affects your strength (+3).
   Dex:       It affects your dexterity (+6).
 t - a ring of protection from cold
 y - a ring of protection from cold
 z - an amulet of faith (around neck)
 I - an amulet of reflection
Wands
 c - a wand of digging (7)
Scrolls
 k - 8 scrolls of teleportation
 o - 13 scrolls of identify
 B - 2 scrolls of enchant weapon
 G - a scroll of brand weapon
Potions
 d - a potion of might
 e - 8 potions of lignification
 f - 5 potions of haste
 l - 4 potions of attraction
 n - 17 potions of curing
 r - 7 potions of mutation
 u - 2 potions of cancellation
 w - a potion of heal wounds
 E - 3 potions of magic

Dungeon Overview and Level Annotations

Branches:
Dungeon (15/15)            Temple (1/1) D:4            Lair (5/5) D:9
  Swamp (3/4) Lair:3        Snake (4/4) Lair:2        Slime (0/5) Lair:5
    Orc (2/2) D:10            Elf (0/3) Orc:2        Vaults (1/5) D:14
 Depths (0/4) D:15        Gauntlet (visited)

Altars:
Ashenzari
Cheibriados
Dithmenos
Elyvilon
Fedhas
Gozag
Hepliaklqana
Kikubaaqudgha
Makhleb
Nemelex Xobeh
Okawaru
Qazlal
Ru
Sif Muna
Trog
Uskayaw
Vehumet
Wu Jian
Xom
Yredelemnul
Zin
The Shining One
Jiyva

Shops:
D:7 ?   Orc:2 :([*=   Snake:4 *

Portals:
Bailey: D:7

Annotations:
D:7 2 transporters
Lair:5 2 runed translucent doors
Swamp:2 1 runed translucent door


Message History

The vault warden is moderately wounded.
You block the vault warden's attack.
You slice the vault guard!!
The vault guard is almost dead.
You slash the ironbound preserver! You slice the vault warden!!
You cut the vault warden into ribbons!!!
You slash the ironbound preserver!
The vault warden hits you but does no damage.
The vault warden is very cold.
The vault warden is heavily wounded.
You barely miss the vault guard.
The vault guard is almost dead.
You slash the ironbound preserver!
You hit the vault warden but do no damage.
You slice the ironbound preserver!!
You kill the ironbound preserver!
Okawaru accepts your kill.
You can now enter into single combat with a foe.
Okawaru will now gift you equipment as you gain piety.
You cut the vault warden into ribbons!!!
The ironbound preserver barely misses you.
The ironbound convoker points at the vault warden and mumbles some strange words.
The vault warden seems to grow stronger.
The vault warden hits you but does no damage.
The vault warden is very cold.
You kill the vault warden!
Okawaru accepts your kill.
The runic seals fade away.
The vault warden hits you with a +1 heavy great sword!!
You slice the vault guard like a ripe choko!!!
You kill the vault guard!
Okawaru accepts your kill.
You slash the vault guard! You slice the ironbound preserver!!
You slash the vault warden! You slice the vault guard!!
You block the vault guard's attack.
The ironbound preserver closely misses you.
You block the vault guard's attack.
The vault warden hits you with a +1 heavy great sword!!!
Ouch! That really hurt!
You die...

.......#......#
.......#......#
^......#......#
.......'......#
.......#.....!#
########......#
######+## #...#
#p@)#


#ppp# ...pp.. ..........? #........../# #...........# #..#######..#
##.+..p..+.## You could see an ironbound preserver, a vault warden (strong), 3
vault guards, a vault sentinel and an ironbound convoker.

Vanquished Creatures
  Nikola (Swamp:3)
  Rupert (Orc:2)
  Gastronok (D:8)
  2 thorn hunters
  Kirke (Snake:1)
  A fenstrider witch (Swamp:2)
  2 vault wardens (Vaults:1)
  Aizul (Snake:4)
  An ironbound preserver (Vaults:1)
  A stone giant (D:15)
  2 ironbound thunderhulks (Vaults:1)
  3 eleionomae
  A minotaur (Gauntlet)
  3 bunyips
  Snorg (Lair:3)
  A yaktaur captain (Vaults:1)
  A shambling mangrove (Swamp:2)
  Josephine (Orc:1)
  7 vault guards
  9 hydras
  5 salamander tyrants
  A rakshasa (D:14)
  A catoblepas (Lair:4)
  2 ghost crabs
  10 anacondas
  Erica (D:8)
  6 alligators
  3 two-headed ogres
  6 death yaks (Lair:2)
  2 death knights
  2 centaur warriors
  5 boulder beetles
  4 tengu warriors
  11 naga warriors
  5 shock serpents
  12 naga sharpshooters
  Amaemon (D:10)
  Urug (Lair:1)
  2 salamander mystics (Snake:4)
  4 skeletal warriors
  3 skysharks (Lair:5)
  A goliath frog (Swamp:1)
  5 naga ritualists
  2 ironbound convokers (Vaults:1)
  3 swamp dragons
  2 wolf spider zombies (D:14)
  4 orc knights
  3 lindwurms
  2 deep elf pyromancers (D:12)
  19 mana vipers
  2 orc sorcerers
  3 manticores
  An ugly thing (D:12)
  17 salamanders
  8 cyclopes
  34 black mambas
  12 guardian serpents
  4 centaur zombies (D:14)
  21 naga magi
  A torpor snail (Lair:4)
  Maurice (D:8)
  3 vault sentinels (Vaults:1)
  An orange demon (D:10)
  19 elephants
  Maggie (D:6)
  3 molten gargoyles
  8 cane toads
  An unseen horror (shapeshifter) (D:12)
  3 unseen horrors
  A kobold demonologist (D:14)
  A gargoyle (D:12)
  A rime drake (Lair:3)
  14 komodo dragons
  A redback zombie (D:14)
  3 freezing wraiths
  2 queen bees
  An efreet (D:14)
  3 tengu conjurers (D:14)
  A polar bear (Lair:5)
  A harpy zombie (D:14)
  A bloated husk (Swamp:2)
  8 trolls
  3 meliai (Lair:4)
  Prince Ribbit (D:8)
  13 dream sheep (Lair:5)
  7 tyrant leeches
  3 hornets
  19 blink frogs
  10 slime creatures
  2 spriggans (Swamp:1)
  A centaur simulacrum (D:14)
  9 wraiths
  10 wyverns
  2 shadows
  A vampire (D:11)
  8 basilisks
  40 yaks
  4 fire bats (Lair:3)
  3 hogs (Snake:1)
  3 wargs
  3 steam dragons
  39 nagas
  13 vampire mosquitoes
  11 swamp worms
  3 acid dragons
  5 hell hounds (Lair:5)
  Duvessa (D:6)
  11 water moccasins
  33 orc warriors
  2 swamp drakes
  3 ice beasts (D:6)
  2 black bears
  6 ogres
  3 wolves (Lair:4)
  19 centaurs
  5 kobold brigands
  10 bullfrogs
  4 scorpions
  5 wights
  Dowan (D:6)
  39 killer bees
  2 howler monkeys (D:10)
  8 lava snakes
  16 jellies
  7 orc priests
  4 hounds
  2 gnoll boudas
  14 iguanas
  2 sleepcaps
  17 orc wizards
  8 adders
  11 gnolls
  A white imp (D:6)
  An ufetubus (D:6)
  4 worms
  A dart slug (D:4)
  49 orcs
  5 bats
  8 endoplasms
  2 giant cockroaches
  11 goblins
  8 hobgoblins
  28 kobolds
  4 quokkas
  6 ball pythons
  8 frilled lizards
  4 rats
938 creatures vanquished.

Notes
Turn   | Place    | Note
-------+----------+-------------------------------------------
     0 | D:1      | qw the Gargoyle Fighter began the quest for the Orb.
     0 | D:1      | Reached XP level 1. HP: 14/14 MP: 1/1
     0 | D:1      | 0 ||| qw: Version: 0.2-a-102-gdf20003
     0 | D:1      | 0 ||| qw: Game counter: 792
     0 | D:1      | 0 ||| qw: Always use a shield: true
     0 | D:1      | 0 ||| qw: God list: Okawaru
     0 | D:1      | 0 ||| qw: Allow faded altars: false
     0 | D:1      | 0 ||| qw: Do Orc after D:15 true
     0 | D:1      | 0 ||| qw: Do second Lair branch before Depths: true
     0 | D:1      | 0 ||| qw: Lair rune preference: random
     0 | D:1      | 0 ||| qw: Plans: Normal, Zot:1-4, Slime:5, God:TSO, Crypt,
                  | Tomb, Pan, Hells, Abyss, Win
     0 | D:1      | 0 ||| PLANNING D:1-11
    58 | D:1      | Reached skill level 2 in Axes
   130 | D:1      | 130 ||| Stepping ~*~*~tactically~*~*~ (hiding).
   142 | D:1      | 142 ||| Stepping ~*~*~tactically~*~*~ (stealth).
   163 | D:1      | Reached XP level 2. HP: 19/19 MP: 2/2
   444 | D:1      | 444 ||| Stepping ~*~*~tactically~*~*~ (stealth).
   508 | D:1      | 508 ||| DROPPING ring of wizardry.
   509 | D:1      | 509 ||| READING scroll labelled GAEWKEULEO.
   610 | D:1      | 610 ||| DRINKING 2 brown potions.
   611 | D:1      | 611 ||| DRINKING 2 pink potions.
   612 | D:1      | 612 ||| DRINKING potion of curing.
   612 | D:1      | 612 ||| (to cure confusion)
   613 | D:1      | 613 ||| DROPPING potion of ambrosia.
   862 | D:2      | Reached skill level 3 in Axes
   862 | D:2      | Found a faded altar of an unknown god.
   902 | D:2      | 902 ||| Stepping ~*~*~tactically~*~*~ (stealth).
   905 | D:2      | Reached XP level 3. HP: 23/23 MP: 3/3
  1252 | D:2      | 1252 ||| DROPPING +0 club.
  1253 | D:2      | 1253 ||| UPGRADING to +0 plate armour.
  1263 | D:2      | 1263 ||| DROPPING +0 scale mail.
  1264 | D:2      | 1264 ||| READING scroll labelled ILIOSE VEIKY.
  1339 | D:3      | Found a stormy altar of Qazlal.
  1381 | D:3      | 1381 ||| Stepping ~*~*~tactically~*~*~ (stealth).
  1382 | D:3      | 1382 ||| Stepping ~*~*~tactically~*~*~ (stealth).
  1393 | D:3      | Reached XP level 4. HP: 28/28 MP: 4/4
  1395 | D:3      | Found a shadowy altar of Dithmenos.
  1601 | D:3      | Found a radiant altar of Vehumet.
  1615 | D:3      | Reached skill level 4 in Axes
  1750 | D:3      | 1750 ||| Stepping ~*~*~tactically~*~*~ (stealth).
  2096 | D:3      | 2096 ||| UPGRADING to +0 helmet.
  2101 | D:3      | 2101 ||| READING scroll labelled MAGUIRH KUSON.
  2102 | D:3      | 2102 ||| DRINKING 2 puce potions.
  2102 | D:3      | Gained mutation: A frigid envelope surrounds you and
                  | freezes all who hurt you. [potion of mutation]
  2102 | D:3      | Gained mutation: Your large and strong wings let you fly.
                  | [potion of mutation]
  2102 | D:3      | Gained mutation: You expend magic power (3 MP) to
                  | strengthen your wands. [potion of mutation]
  2102 | D:3      | Gained mutation: You are strong-willed. (Will+) [potion of
                  | mutation]
  2103 | D:3      | 2103 ||| DRINKING 2 clear potions.
  2104 | D:3      | 2104 ||| DROPPING potion of degeneration.
  2146 | D:4      | 2146 ||| Stepping ~*~*~tactically~*~*~ (stealth).
  2150 | D:4      | Found a staircase to the Ecumenical Temple.
  2151 | D:4      | 2151 ||| PLANNING TEMPLE
  2158 | Temple   | Entered the Ecumenical Temple
  2225 | Temple   | 2225 ||| PLANNING OKAWARU WORSHIP
  2303 | Temple   | Became a worshipper of Warmaster Okawaru
  2303 | Temple   | 2303 ||| PLANNING D:1-11
  2344 | D:4      | 2344 ||| Stepping ~*~*~tactically~*~*~ (hiding).
  2353 | D:4      | Reached XP level 5. HP: 32/32 MP: 5/5
  2421 | D:4      | 2421 ||| DROPPING +0 whip.
  2445 | D:4      | Reached skill level 5 in Axes
  2455 | D:4      | 2455 ||| Stepping ~*~*~tactically~*~*~ (stealth).
  2514 | D:4      | 2514 ||| Stepping ~*~*~tactically~*~*~ (hiding).
  2514 | D:4      | Found a hazy altar of Hepliaklqana.
  2536 | D:4      | Reached XP level 6. HP: 34/38 MP: 6/6
  2558 | D:4      | 2558 ||| Stepping ~*~*~tactically~*~*~ (stealth).
  2563 | D:4      | 2563 ||| Stepping ~*~*~tactically~*~*~ (stealth).
  2615 | D:4      | Found a bloodstained altar of Trog.
  2954 | D:4      | Found a sacrificial altar of Ru.
  3020 | D:4      | 3020 ||| Stepping ~*~*~tactically~*~*~ (hiding).
  3113 | D:4      | 3113 ||| READING scroll labelled KEIN HONGUETZU.
  3114 | D:4      | 3114 ||| READING scroll labelled BAICLU BEXAU.
  3115 | D:4      | 3115 ||| READING 3 scrolls labelled CAF LEIBBEH.
  3116 | D:4      | 3116 ||| READING 2 scrolls of identify.
  3116 | D:4      | 3116 ||| IDENTIFYING fuming black potion
  3117 | D:4      | 3117 ||| DROPPING potion of berserk rage.
  3164 | D:5      | Entered Level 5 of the Dungeon
  3179 | D:5      | 3179 ||| Stepping ~*~*~tactically~*~*~ (stealth).
  3193 | D:5      | Reached * piety under Okawaru
  3194 | D:5      | Reached skill level 6 in Axes
  3315 | D:5      | Found a shimmering blue altar of Sif Muna.
  3341 | D:5      | Reached skill level 1 in Invocations
  3341 | D:5      | Reached XP level 7. HP: 36/43 MP: 6/8
  3344 | D:5      | 3344 ||| FLEEEEING.
  3345 | D:5      | 3345 ||| FLEEEEING.
  3346 | D:5      | 3346 ||| FLEEEEING.
  3347 | D:5      | 3347 ||| FLEEEEING.
  3348 | D:5      | 3348 ||| FLEEEEING.
  3637 | D:5      | Found a basalt altar of Yredelemnul.
  3818 | D:5      | 3818 ||| UPGRADING to +0 cloak.
  3823 | D:5      | 3823 ||| READING scroll labelled ESAIFIMEOD.
  3824 | D:5      | 3824 ||| READING 2 scrolls labelled CIASHI VUNUBA.
  3970 | D:6      | Noticed Duvessa
  3970 | D:6      | Noticed Dowan
  3971 | D:6      | 3971 ||| Stepping ~*~*~tactically~*~*~ (hiding).
  3972 | D:6      | 3972 ||| Stepping ~*~*~tactically~*~*~ (hiding).
  3973 | D:6      | 3973 ||| Stepping ~*~*~tactically~*~*~ (hiding).
  3974 | D:6      | 3974 ||| INVOKING Heroism.
  3979 | D:6      | Killed Duvessa
  3980 | D:6      | Reached skill level 3 in Invocations
  3983 | D:6      | Killed Dowan
  3983 | D:6      | Reached ** piety under Okawaru
  4072 | D:6      | Identified the ring "Jaoset" {Str+3 Dex+6}
  4137 | D:6      | Reached XP level 8. HP: 48/48 MP: 9/11
  4160 | D:6      | Noticed Maggie
  4178 | D:6      | Killed Maggie
  4179 | D:6      | Reached skill level 7 in Axes
  4496 | D:6      | 4496 ||| INVOKING Heroism.
  4502 | D:6      | 4502 ||| DRINKING 2 potions of curing.
  4502 | D:6      | 4502 ||| (to cure confusion)
  4590 | D:6      | Reached skill level 1 in Dodging
  4667 | D:6      | 4667 ||| Stepping ~*~*~tactically~*~*~ (stealth).
  4669 | D:6      | 4669 ||| Stepping ~*~*~tactically~*~*~ (stealth).
  4671 | D:6      | 4671 ||| INVOKING Heroism.
  4682 | D:6      | Reached skill level 8 in Axes
  4685 | D:6      | 4685 ||| Stepping ~*~*~tactically~*~*~ (stealth).
  4701 | D:6      | 4701 ||| INVOKING Heroism.
  4713 | D:6      | Reached XP level 9. HP: 40/54 MP: 10/12
  4754 | D:6      | 4754 ||| Stepping ~*~*~tactically~*~*~ (stealth).
  4823 | D:6      | Reached skill level 6 in Fighting
  4924 | D:6      | 4924 ||| Stepping ~*~*~tactically~*~*~ (hiding).
  4930 | D:6      | 4930 ||| INVOKING Heroism.
  4939 | D:6      | Reached skill level 9 in Axes
  4942 | D:6      | Reached *** piety under Okawaru
  4971 | D:6      | 4971 ||| UPGRADING to +0 pair of boots.
  4976 | D:6      | 4976 ||| UPGRADING to ring of positive energy.
  4977 | D:6      | 4977 ||| UPGRADING to ring "Jaoset" {Str+3 Dex+6}.
  4978 | D:6      | 4978 ||| UPGRADING to ring of willpower.
  4980 | D:6      | 4980 ||| READING scroll labelled FIVUFYL GIC.
  4981 | D:6      | 4981 ||| READING 2 scrolls labelled QIQIATIROY.
  4982 | D:6      | 4982 ||| READING scroll of enchant weapon.
  4982 | D:6      | 4982 ||| ENCHANTING +1 war axe.
  4983 | D:6      | 4983 ||| DRINKING 3 bubbling orange potions.
  4984 | D:6      | 4984 ||| READING 2 scrolls of identify.
  4984 | D:6      | 4984 ||| IDENTIFYING murky sapphire potion
  5011 | D:7      | Found Onoogh's Magic Scroll Shoppe.
  5023 | D:7      | 5023 ||| BUYING scroll of identify (32 gold).
  5023 | D:7      | Bought a scroll of identify for 32 gold pieces
  5023 | D:7      | 5023 ||| BUYING scroll of identify (32 gold).
  5023 | D:7      | Bought a scroll of identify for 32 gold pieces
  5023 | D:7      | 5023 ||| BUYING scroll of teleportation (48 gold).
  5023 | D:7      | Bought a scroll of teleportation for 48 gold pieces
  5036 | D:7      | 5036 ||| INVOKING Heroism.
  5095 | D:7      | 5095 ||| INVOKING Heroism.
  5135 | D:7      | Found a glowing silver altar of Zin.
  5147 | D:7      | Found an opulent altar of Gozag.
  5181 | D:7      | 5181 ||| INVOKING Heroism.
  5187 | D:7      | Reached skill level 6 in Armour
  5246 | D:7      | 5246 ||| Stepping ~*~*~tactically~*~*~ (hiding).
  5247 | D:7      | 5247 ||| Stepping ~*~*~tactically~*~*~ (hiding).
  5254 | D:7      | 5254 ||| Stepping ~*~*~tactically~*~*~ (stealth).
  5272 | D:7      | 5272 ||| Stepping ~*~*~tactically~*~*~ (stealth).
  5273 | D:7      | 5273 ||| Stepping ~*~*~tactically~*~*~ (stealth).
  5274 | D:7      | 5274 ||| INVOKING Heroism.
  5275 | D:7      | 5275 ||| Stepping ~*~*~tactically~*~*~ (hiding).
  5283 | D:7      | 5283 ||| Stepping ~*~*~tactically~*~*~ (hiding).
  5392 | D:7      | Found a transporter.
  5395 | D:7      | Found a transporter.
  5418 | D:7      | 5418 ||| INVOKING Heroism.
  5446 | D:7      | 5446 ||| INVOKING Heroism.
  5453 | D:7      | HP: 12/56 [ogre/+0 giant spiked club (21)]
  5454 | D:7      | 5454 ||| READING 6 scrolls of teleportation.
  5455 | D:7      | 5455 ||| DRINKING potion of heal wounds.
  5569 | D:7      | Found a flagged portal.
  5689 | D:7      | 5689 ||| UPGRADING to +4 ring of protection.
  5691 | D:7      | 5691 ||| DROPPING ring of positive energy.
  5692 | D:7      | 5692 ||| DROPPING ring of willpower.
  5693 | D:7      | 5693 ||| READING scroll labelled HANLETS CEUWN.
  5694 | D:7      | 5694 ||| READING 4 scrolls of identify.
  5694 | D:7      | 5694 ||| IDENTIFYING bubbling dark potion
  5695 | D:7      | 5695 ||| READING 3 scrolls of identify.
  5695 | D:7      | 5695 ||| IDENTIFYING white potion
  5696 | D:7      | 5696 ||| DROPPING potion of brilliance.
  5716 | D:8      | 5716 ||| STAIRDANCE
  5765 | D:8      | Reached XP level 10. HP: 63/63 MP: 13/13
  5767 | D:8      | 5767 ||| INVOKING Heroism.
  5961 | D:8      | Identified the +7 long sword of Nemelex Xobeh's Whim
                  | {speed, rF- Str+5}
  6056 | D:8      | Noticed Erica
  6057 | D:8      | 6057 ||| Stepping ~*~*~tactically~*~*~ (hiding).
  6059 | D:8      | 6059 ||| Stepping ~*~*~tactically~*~*~ (hiding).
  6061 | D:8      | 6061 ||| INVOKING Heroism.
  6071 | D:8      | Killed Erica
  6072 | D:8      | Reached skill level 10 in Axes
  6082 | D:8      | 6082 ||| Stepping ~*~*~tactically~*~*~ (stealth).
  6086 | D:8      | 6086 ||| Stepping ~*~*~tactically~*~*~ (stealth).
  6254 | D:8      | Found an ancient bone altar of Kikubaaqudgha.
  6275 | D:8      | Noticed Gastronok
  6276 | D:8      | 6276 ||| Stepping ~*~*~tactically~*~*~ (hiding).
  6279 | D:8      | 6279 ||| INVOKING Heroism.
  6295 | D:8      | Killed Gastronok
  6295 | D:8      | Reached **** piety under Okawaru
  6296 | D:8      | Reached skill level 9 in Fighting
  6570 | D:8      | Noticed Prince Ribbit
  6578 | D:8      | Killed Prince Ribbit
  6642 | D:8      | Found a white marble altar of Elyvilon.
  6650 | D:8      | Noticed Maurice
  6664 | D:8      | Killed Maurice
  6665 | D:8      | Reached XP level 11. HP: 59/71 MP: 13/15
  6765 | D:8      | Found a broken altar of Ashenzari.
  6869 | D:8      | 6869 ||| UPGRADING to +1 cloak of willpower.
  6879 | D:8      | 6879 ||| DROPPING +0 cloak.
  6880 | D:8      | 6880 ||| READING scroll labelled ATAKU PEIKUGOFILE.
  6881 | D:8      | 6881 ||| READING 3 scrolls of identify.
  6881 | D:8      | 6881 ||| IDENTIFYING metallic red potion
  7001 | D:9      | 7001 ||| INVOKING Heroism.
  7013 | D:9      | Reached skill level 6 in Invocations
  7073 | D:9      | Found a staircase to the Lair.
  7074 | D:9      | 7074 ||| Stepping ~*~*~tactically~*~*~ (hiding).
  7187 | D:9      | 7187 ||| Stepping ~*~*~tactically~*~*~ (stealth).
  7232 | D:9      | Found a blossoming altar of Fedhas.
  7235 | D:9      | 7235 ||| Stepping ~*~*~tactically~*~*~ (stealth).
  7250 | D:9      | 7250 ||| Stepping ~*~*~tactically~*~*~ (stealth).
  7507 | D:9      | 7507 ||| INVOKING Heroism.
  7540 | D:9      | 7540 ||| FLEEEEING.
  7541 | D:9      | 7541 ||| FLEEEEING.
  7542 | D:9      | 7542 ||| FLEEEEING.
  7548 | D:9      | 7548 ||| FLEEEEING.
  7549 | D:9      | 7549 ||| FLEEEEING.
  7550 | D:9      | 7550 ||| FLEEEEING.
  7551 | D:9      | 7551 ||| FLEEEEING.
  7552 | D:9      | 7552 ||| FLEEEEING.
  7553 | D:9      | 7553 ||| FLEEEEING.
  7554 | D:9      | 7554 ||| FLEEEEING.
  7560 | D:9      | 7560 ||| Stepping ~*~*~tactically~*~*~ (hiding).
  7565 | D:9      | 7565 ||| INVOKING Heroism.
  7567 | D:9      | Reached skill level 11 in Axes
  7577 | D:9      | 7577 ||| Stepping ~*~*~tactically~*~*~ (stealth).
  7581 | D:9      | 7581 ||| Stepping ~*~*~tactically~*~*~ (stealth).
  7708 | D:9      | 7708 ||| INVOKING Heroism.
  7738 | D:9      | 7738 ||| Stepping ~*~*~tactically~*~*~ (stealth).
  7742 | D:9      | 7742 ||| FLEEEEING.
  7743 | D:9      | 7743 ||| FLEEEEING.
  7744 | D:9      | 7744 ||| FLEEEEING.
  7745 | D:9      | 7745 ||| FLEEEEING.
  7746 | D:9      | 7746 ||| FLEEEEING.
  7747 | D:9      | 7747 ||| FLEEEEING.
  7748 | D:9      | 7748 ||| FLEEEEING.
  7749 | D:9      | 7749 ||| FLEEEEING.
  7750 | D:9      | 7750 ||| FLEEEEING.
  7751 | D:9      | 7751 ||| FLEEEEING.
  7752 | D:9      | 7752 ||| FLEEEEING.
  7753 | D:9      | 7753 ||| FLEEEEING.
  7754 | D:9      | 7754 ||| FLEEEEING.
  7755 | D:9      | 7755 ||| STAIRDANCE
  7849 | D:9      | 7849 ||| Stepping ~*~*~tactically~*~*~ (stealth).
  7855 | D:9      | 7855 ||| Stepping ~*~*~tactically~*~*~ (stealth).
  7856 | D:9      | 7856 ||| Stepping ~*~*~tactically~*~*~ (stealth).
  7881 | D:9      | 7881 ||| Stepping ~*~*~tactically~*~*~ (stealth).
  8007 | D:9      | 8007 ||| PLANNING LAIR
  8063 | Lair:1   | Entered Level 1 of the Lair of Beasts
  8089 | Lair:1   | 8089 ||| Stepping ~*~*~tactically~*~*~ (stealth).
  8096 | Lair:1   | 8096 ||| INVOKING Heroism.
  8239 | Lair:1   | Noticed Urug
  8240 | Lair:1   | 8240 ||| INVOKING Heroism.
  8250 | Lair:1   | Killed Urug
  8251 | Lair:1   | Reached skill level 3 in Dodging
  8253 | Lair:1   | 8253 ||| SWAPPING to +1 war axe of electrocution.
  8273 | Lair:1   | 8273 ||| DROPPING +2 war axe.
  8298 | Lair:1   | 8298 ||| READING scroll of enchant weapon.
  8298 | Lair:1   | 8298 ||| ENCHANTING +1 war axe of electrocution.
  8863 | Lair:2   | 8863 ||| INVOKING Heroism.
  8869 | Lair:2   | Reached skill level 1 in Throwing
  8875 | Lair:2   | Reached ***** piety under Okawaru
  8878 | Lair:2   | Reached skill level 9 in Invocations
  8880 | Lair:2   | Reached skill level 3 in Throwing
  8880 | Lair:2   | Reached XP level 12. HP: 53/76 MP: 18/18
  8880 | Lair:2   | Identified the +9 broad axe of Vajeoged {heavy, rC+}
                  | (Okawaru gifted it to you on level 2 of the Lair of Beasts)
  8880 | Lair:2   | Received a gift from Okawaru
  8883 | Lair:2   | 8883 ||| INVOKING Heroism.
  8987 | Lair:2   | 8987 ||| SWAPPING to +9 broad axe of Vajeoged {heavy, rC+}.
  8988 | Lair:2   | 8988 ||| DROPPING +2 war axe of electrocution.
  9182 | Lair:2   | 9182 ||| Stepping ~*~*~tactically~*~*~ (stealth).
  9183 | Lair:2   | 9183 ||| Stepping ~*~*~tactically~*~*~ (stealth).
  9184 | Lair:2   | 9184 ||| Stepping ~*~*~tactically~*~*~ (stealth).
  9212 | Lair:2   | 9212 ||| Stepping ~*~*~tactically~*~*~ (stealth).
  9258 | Lair:2   | 9258 ||| INVOKING Heroism.
  9272 | Lair:2   | Found a staircase to the Snake Pit.
  9365 | Lair:2   | 9365 ||| Stepping ~*~*~tactically~*~*~ (stealth).
  9366 | Lair:2   | 9366 ||| Stepping ~*~*~tactically~*~*~ (stealth).
  9367 | Lair:2   | 9367 ||| INVOKING Heroism.
  9368 | Lair:2   | 9368 ||| Stepping ~*~*~tactically~*~*~ (hiding).
  9369 | Lair:2   | 9369 ||| Stepping ~*~*~tactically~*~*~ (hiding).
  9406 | Lair:2   | Identified the +0 leather armour of Sloth {rCorr Slay+3}
  9422 | Lair:2   | 9422 ||| INVOKING Heroism.
  9473 | Lair:2   | Noticed a death yak
  9473 | Lair:2   | Noticed a death yak
  9474 | Lair:2   | 9474 ||| INVOKING Finesse.
  9475 | Lair:2   | Noticed a death yak
  9475 | Lair:2   | Noticed a death yak
  9477 | Lair:2   | Noticed a death yak
  9480 | Lair:2   | Killed a death yak
  9481 | Lair:2   | Noticed a death yak
  9482 | Lair:2   | Killed a death yak
  9485 | Lair:2   | 9485 ||| INVOKING Heroism.
  9488 | Lair:2   | Killed a death yak
  9489 | Lair:2   | Killed a death yak
  9490 | Lair:2   | Reached skill level 12 in Axes
  9490 | Lair:2   | Killed a death yak
  9494 | Lair:2   | Killed a death yak
  9824 | Lair:2   | 9824 ||| UPGRADING to amulet of regeneration.
  9842 | Lair:3   | 9842 ||| Stepping ~*~*~tactically~*~*~ (stealth).
  9843 | Lair:3   | 9843 ||| Stepping ~*~*~tactically~*~*~ (stealth).
  9844 | Lair:3   | 9844 ||| INVOKING Heroism.
  9854 | Lair:3   | Reached skill level 9 in Armour
  9855 | Lair:3   | Reached skill level 6 in Shields
  9866 | Lair:3   | Received a gift from Okawaru
  9884 | Lair:3   | Noticed a four-headed hydra
  9885 | Lair:3   | 9885 ||| INVOKING Heroism.
  9889 | Lair:3   | 9889 ||| SWAPPING to +4 flail.
  9895 | Lair:3   | Killed a four-headed hydra
  9896 | Lair:3   | 9896 ||| SWAPPING to +9 broad axe of Vajeoged {heavy, rC+}.
  9988 | Lair:3   | Reached XP level 13. HP: 71/82 MP: 20/20
 10052 | Lair:3   | Received a gift from Okawaru
 10087 | Lair:3   | 10087 ||| INVOKING Heroism.
 10091 | Lair:3   | Reached skill level 13 in Axes
 10160 | Lair:3   | 10160 ||| INVOKING Heroism.
 10163 | Lair:3   | 10163 ||| INVOKING Finesse.
 10205 | Lair:3   | Found a staircase to the Swamp.
 10232 | Lair:3   | Noticed Snorg
 10233 | Lair:3   | 10233 ||| INVOKING Heroism.
 10242 | Lair:3   | Killed Snorg
 10329 | Lair:3   | 10329 ||| INVOKING Heroism.
 10414 | Lair:3   | 10414 ||| Stepping ~*~*~tactically~*~*~ (stealth).
 10417 | Lair:3   | 10417 ||| INVOKING Heroism.
 10737 | Lair:3   | 10737 ||| READING 2 scrolls labelled IXUVVE JILLIX.
 10738 | Lair:3   | 10738 ||| READING scroll of enchant armour.
 10738 | Lair:3   | 10738 ||| ENCHANTING +0 helmet.
 10762 | Lair:4   | 10762 ||| INVOKING Heroism.
 10860 | Lair:4   | 10860 ||| Stepping ~*~*~tactically~*~*~ (hiding).
 10861 | Lair:4   | 10861 ||| Stepping ~*~*~tactically~*~*~ (hiding).
 10862 | Lair:4   | 10862 ||| Stepping ~*~*~tactically~*~*~ (hiding).
 10863 | Lair:4   | 10863 ||| INVOKING Heroism.
 10880 | Lair:4   | 10880 ||| Stepping ~*~*~tactically~*~*~ (stealth).
 10901 | Lair:4   | 10901 ||| Stepping ~*~*~tactically~*~*~ (stealth).
 10903 | Lair:4   | 10903 ||| Stepping ~*~*~tactically~*~*~ (stealth).
 11060 | Lair:4   | 11060 ||| INVOKING Heroism.
 11061 | Lair:4   | 11061 ||| Stepping ~*~*~tactically~*~*~ (stealth).
 11076 | Lair:4   | Reached skill level 14 in Axes
 11094 | Lair:4   | Received a gift from Okawaru
 11236 | Lair:4   | 11236 ||| INVOKING Heroism.
 11340 | Lair:4   | 11340 ||| Stepping ~*~*~tactically~*~*~ (stealth).
 11386 | Lair:4   | 11386 ||| INVOKING Heroism.
 11883 | Lair:5   | Entered Level 5 of the Lair of Beasts
 11938 | Lair:5   | 11938 ||| INVOKING Heroism.
 11941 | Lair:5   | Mutation became permanent: Your large and strong wings let
                  | you fly. [Gargoyle growth]
 11941 | Lair:5   | Gained mutation: Your large and strong wings let you fly.
                  | [Gargoyle growth]
 11941 | Lair:5   | Reached XP level 14. HP: 90/90 MP: 18/21
 11951 | Lair:5   | Identified the +2 pair of boots of the Distant Future
                  | {rElec rN+ Str+2 Dex-3} (Okawaru gifted it to you on level
                  | 5 of the Lair of Beasts)
 11951 | Lair:5   | Received a gift from Okawaru
 12106 | Lair:5   | Reached skill level 15 in Axes
 12120 | Lair:5   | 12120 ||| Stepping ~*~*~tactically~*~*~ (stealth).
 12135 | Lair:5   | Found a staircase to the Slime Pits.
 12135 | Lair:5   | Found a viscous altar of Jiyva.
 12139 | Lair:5   | 12139 ||| Stepping ~*~*~tactically~*~*~ (stealth).
 12148 | Lair:5   | 12148 ||| Stepping ~*~*~tactically~*~*~ (stealth).
 12150 | Lair:5   | 12150 ||| Stepping ~*~*~tactically~*~*~ (stealth).
 12164 | Lair:5   | 12164 ||| Stepping ~*~*~tactically~*~*~ (stealth).
 12167 | Lair:5   | 12167 ||| Stepping ~*~*~tactically~*~*~ (stealth).
 12168 | Lair:5   | 12168 ||| INVOKING Heroism.
 12169 | Lair:5   | 12169 ||| INVOKING Finesse.
 12170 | Lair:5   | 12170 ||| Stepping ~*~*~tactically~*~*~ (stealth).
 12171 | Lair:5   | 12171 ||| Stepping ~*~*~tactically~*~*~ (stealth).
 12174 | Lair:5   | 12174 ||| SWAPPING to +4 flail.
 12176 | Lair:5   | 12176 ||| SWAPPING to +9 broad axe of Vajeoged {heavy,
                  | rC+}.
 12253 | Lair:5   | 12253 ||| INVOKING Heroism.
 12254 | Lair:5   | 12254 ||| INVOKING Finesse.
 12260 | Lair:5   | 12260 ||| SWAPPING to +4 flail.
 12267 | Lair:5   | 12267 ||| SWAPPING to +9 broad axe of Vajeoged {heavy,
                  | rC+}.
 12316 | Lair:5   | 12316 ||| INVOKING Heroism.
 12365 | Lair:5   | Identified the +0 ring mail of Tusug {rPois rC- rN+ Stlth+}
 12502 | Lair:5   | Reached skill level 6 in Throwing
 12536 | Lair:5   | 12536 ||| Stepping ~*~*~tactically~*~*~ (hiding).
 12588 | Lair:5   | 12588 ||| Stepping ~*~*~tactically~*~*~ (hiding).
 12589 | Lair:5   | 12589 ||| Stepping ~*~*~tactically~*~*~ (hiding).
 12596 | Lair:5   | 12596 ||| Stepping ~*~*~tactically~*~*~ (hiding).
 12598 | Lair:5   | 12598 ||| Stepping ~*~*~tactically~*~*~ (hiding).
 12599 | Lair:5   | 12599 ||| Stepping ~*~*~tactically~*~*~ (hiding).
 12651 | Lair:5   | Found a large runed translucent door.
 12651 | Lair:5   | Found a large runed translucent door.
 12657 | Lair:5   | Reached skill level 12 in Fighting
 12672 | Lair:5   | 12672 ||| FLEEEEING.
 12673 | Lair:5   | 12673 ||| FLEEEEING.
 12674 | Lair:5   | 12674 ||| FLEEEEING.
 12862 | Lair:5   | 12862 ||| INVOKING Heroism.
 12863 | Lair:5   | 12863 ||| INVOKING Finesse.
 12864 | Lair:5   | 12864 ||| SWAPPING to +4 flail.
 12873 | Lair:5   | 12873 ||| SWAPPING to +9 broad axe of Vajeoged {heavy,
                  | rC+}.
 13110 | Lair:5   | 13110 ||| PLANNING D:1-11
 13110 | Lair:5   | 13110 ||| UPGRADING to +2 pair of boots of the Distant
                  | Future {rElec rN+ Str+2 Dex-3}.
 13120 | Lair:5   | 13120 ||| DROPPING +0 pair of boots.
 13121 | Lair:5   | 13121 ||| UPGRADING to amulet of faith.
 13131 | Lair:5   | 13131 ||| READING 11 scrolls of identify.
 13131 | Lair:5   | 13131 ||| IDENTIFYING sapphire potion
 13132 | Lair:5   | 13132 ||| DROPPING potion of flight.
 13307 | D:10     | Entered Level 10 of the Dungeon
 13334 | D:10     | Noticed Amaemon
 13335 | D:10     | 13335 ||| Stepping ~*~*~tactically~*~*~ (hiding).
 13347 | D:10     | Killed Amaemon
 13360 | D:10     | 13360 ||| DROPPING +4 flail.
 13520 | D:10     | 13520 ||| Stepping ~*~*~tactically~*~*~ (stealth).
 13592 | D:10     | 13592 ||| Stepping ~*~*~tactically~*~*~ (hiding).
 13593 | D:10     | 13593 ||| Stepping ~*~*~tactically~*~*~ (hiding).
 13596 | D:10     | 13596 ||| Stepping ~*~*~tactically~*~*~ (hiding).
 13597 | D:10     | 13597 ||| Stepping ~*~*~tactically~*~*~ (hiding).
 13782 | D:10     | 13782 ||| READING scroll of enchant armour.
 13782 | D:10     | 13782 ||| ENCHANTING +1 helmet.
 13892 | D:10     | Found a staircase to the Orcish Mines.
 14025 | D:11     | 14025 ||| READING scroll of enchant armour.
 14025 | D:11     | 14025 ||| ENCHANTING +1 cloak of willpower.
 14046 | D:11     | 14046 ||| Stepping ~*~*~tactically~*~*~ (stealth).
 14047 | D:11     | 14047 ||| Stepping ~*~*~tactically~*~*~ (stealth).
 14048 | D:11     | 14048 ||| Stepping ~*~*~tactically~*~*~ (stealth).
 14104 | D:11     | 14104 ||| Stepping ~*~*~tactically~*~*~ (stealth).
 14112 | D:11     | 14112 ||| Stepping ~*~*~tactically~*~*~ (hiding).
 14390 | D:11     | 14390 ||| PLANNING D
 14390 | D:11     | 14390 ||| READING scroll labelled LOYFUP LATAST.
 14465 | D:12     | 14465 ||| Stepping ~*~*~tactically~*~*~ (hiding).
 14477 | D:12     | 14477 ||| Stepping randomly (disturbance).
 14478 | D:12     | 14478 ||| Stepping randomly (disturbance).
 14479 | D:12     | 14479 ||| Stepping randomly (disturbance).
 14673 | D:12     | 14673 ||| Stepping ~*~*~tactically~*~*~ (stealth).
 14675 | D:12     | 14675 ||| Stepping ~*~*~tactically~*~*~ (hiding).
 14763 | D:12     | Received a gift from Okawaru
 14766 | D:12     | 14766 ||| Stepping ~*~*~tactically~*~*~ (hiding).
 14779 | D:12     | Reached skill level 16 in Axes
 14779 | D:12     | Reached XP level 15. HP: 92/96 MP: 22/22
 14785 | D:12     | 14785 ||| Stepping ~*~*~tactically~*~*~ (stealth).
 14943 | D:12     | 14943 ||| Stepping ~*~*~tactically~*~*~ (stealth).
 14947 | D:12     | 14947 ||| Stepping ~*~*~tactically~*~*~ (stealth).
 14949 | D:12     | 14949 ||| Stepping ~*~*~tactically~*~*~ (hiding).
 14950 | D:12     | 14950 ||| Stepping ~*~*~tactically~*~*~ (hiding).
 14951 | D:12     | 14951 ||| Stepping ~*~*~tactically~*~*~ (hiding).
 15392 | D:12     | 15392 ||| UPGRADING to +0 kite shield.
 15401 | D:12     | 15401 ||| UPGRADING to +0 buckler.
 15406 | D:12     | 15406 ||| UPGRADING to +0 kite shield.
 15416 | D:12     | 15416 ||| DROPPING +0 buckler.
 15419 | D:12     | 15419 ||| READING scroll labelled HEKLIKUGUDGH.
 15629 | D:12     | 15629 ||| READING scroll labelled OSYMAYC VOAMOXEMO.
 15629 | D:12     | Identified a scroll of acquirement
 15629 | D:12     | 15629 ||| ACQUIRING scarf of resistance
 15629 | D:12     | Acquired a scarf of resistance
 15631 | D:12     | 15631 ||| READING scroll labelled ADOXIBRUY.
 15677 | D:13     | 15677 ||| STAIRDANCE
 15775 | D:13     | 15775 ||| FLEEEEING.
 15776 | D:13     | 15776 ||| FLEEEEING.
 15777 | D:13     | 15777 ||| FLEEEEING.
 15778 | D:13     | 15778 ||| FLEEEEING.
 15779 | D:13     | 15779 ||| FLEEEEING.
 15780 | D:13     | 15780 ||| STAIRDANCE
 15884 | D:13     | 15884 ||| INVOKING Heroism.
 15890 | D:13     | Reached skill level 9 in Shields
 15921 | D:13     | Received a gift from Okawaru
 16149 | D:13     | 16149 ||| Stepping ~*~*~tactically~*~*~ (stealth).
 16150 | D:13     | 16150 ||| Stepping ~*~*~tactically~*~*~ (stealth).
 16223 | D:13     | 16223 ||| READING scroll of enchant armour.
 16223 | D:13     | 16223 ||| ENCHANTING +0 plate armour.
 16258 | D:13     | Identified the +4 buckler "Wuruplum" {Rampage +Blink MP+9
                  | SInv}
 16566 | D:14     | 16566 ||| PLANNING GAUNTLET
 16572 | D:14     | 16572 ||| Stepping ~*~*~tactically~*~*~ (hiding).
 16580 | D:14     | 16580 ||| Stepping ~*~*~tactically~*~*~ (hiding).
 16589 | D:14     | 16589 ||| INVOKING Heroism.
 16590 | D:14     | Received a gift from Okawaru
 16616 | D:14     | Reached ****** piety under Okawaru
 16616 | D:14     | Identified the +6 scale mail "Tasoifum" {Dex+3 Slay+2}
                  | (Okawaru gifted it to you on level 14 of the Dungeon)
 16616 | D:14     | Received a gift from Okawaru
 16617 | D:14     | 16617 ||| INVOKING Heroism.
 16624 | D:14     | 16624 ||| Stepping ~*~*~tactically~*~*~ (hiding).
 16639 | D:14     | HP: 24/96 [cyclops (4)]
 16640 | D:14     | 16640 ||| READING 11 scrolls of teleportation.
 16641 | D:14     | 16641 ||| DRINKING 3 potions of heal wounds.
 16794 | D:14     | 16794 ||| Stepping ~*~*~tactically~*~*~ (hiding).
 16863 | D:14     | Found a gate leading to a gauntlet.
 16864 | D:14     | 16864 ||| UPGRADING to +6 scale mail "Tasoifum" {Dex+3
                  | Slay+2}.
 16874 | D:14     | 16874 ||| DROPPING +1 plate armour.
 16879 | Gauntlet | Entered a Gauntlet
 16879 | Gauntlet | Found a transporter.
 16891 | Gauntlet | Found a transporter.
 16895 | Gauntlet | Found a transporter.
 16896 | Gauntlet | Found a transporter.
 16904 | Gauntlet | Found a transporter.
 16907 | Gauntlet | Found a transporter.
 16908 | Gauntlet | Found a transporter.
 16917 | Gauntlet | Found a transporter.
 16919 | Gauntlet | Found a transporter.
 16920 | Gauntlet | Found a transporter.
 16931 | Gauntlet | Found a transporter.
 16931 | Gauntlet | Found a transporter.
 16932 | Gauntlet | Found a transporter.
 16940 | Gauntlet | Found a transporter.
 17076 | Gauntlet | 17076 ||| Stepping ~*~*~tactically~*~*~ (stealth).
 17078 | Gauntlet | 17078 ||| Stepping ~*~*~tactically~*~*~ (hiding).
 17080 | Gauntlet | 17080 ||| INVOKING Heroism.
 17197 | Gauntlet | Identified the +6 long sword of Terror {flame, SInv}
 17288 | Gauntlet | 17288 ||| UPGRADING to +1 shadow dragon scales.
 17298 | Gauntlet | 17298 ||| DROPPING +6 scale mail "Tasoifum" {Dex+3 Slay+2}.
 17316 | D:14     | 17316 ||| PLANNING D
 17415 | D:14     | Found a gate to the Vaults.
 17418 | D:14     | 17418 ||| Stepping ~*~*~tactically~*~*~ (stealth).
 17421 | D:14     | 17421 ||| Stepping ~*~*~tactically~*~*~ (stealth).
 17423 | D:14     | 17423 ||| Stepping ~*~*~tactically~*~*~ (stealth).
 17425 | D:14     | 17425 ||| Stepping ~*~*~tactically~*~*~ (hiding).
 17426 | D:14     | 17426 ||| Stepping ~*~*~tactically~*~*~ (hiding).
 17481 | D:14     | 17481 ||| Stepping ~*~*~tactically~*~*~ (stealth).
 17494 | D:14     | 17494 ||| Stepping ~*~*~tactically~*~*~ (stealth).
 17568 | D:14     | 17568 ||| Stepping ~*~*~tactically~*~*~ (stealth).
 17575 | D:14     | Reached skill level 12 in Shields
 17575 | D:14     | 17575 ||| Stepping ~*~*~tactically~*~*~ (hiding).
 18102 | D:14     | 18102 ||| Stepping ~*~*~tactically~*~*~ (stealth).
 18258 | D:14     | 18258 ||| DROPPING +4 ring of slaying {mikee}.
 18259 | D:14     | 18259 ||| DRINKING 2 bubbling cyan potions.
 18260 | D:14     | 18260 ||| READING 13 scrolls of identify.
 18260 | D:14     | 18260 ||| IDENTIFYING black potion
 18261 | D:14     | 18261 ||| DROPPING potion of invisibility.
 18269 | D:15     | Entered Level 15 of the Dungeon
 18293 | D:15     | 18293 ||| Stepping ~*~*~tactically~*~*~ (stealth).
 18296 | D:15     | 18296 ||| Stepping ~*~*~tactically~*~*~ (hiding).
 18304 | D:15     | 18304 ||| INVOKING Heroism.
 18305 | D:15     | 18305 ||| INVOKING Finesse.
 18310 | D:15     | 18310 ||| SWAPPING to +1 demon whip of venom.
 18311 | D:15     | 18311 ||| SWAPPING to +9 broad axe of Vajeoged {heavy,
                  | rC+}.
 18313 | D:15     | 18313 ||| Stepping ~*~*~tactically~*~*~ (stealth).
 18395 | D:15     | 18395 ||| INVOKING Heroism.
 18598 | D:15     | 18598 ||| Stepping ~*~*~tactically~*~*~ (stealth).
 18627 | D:15     | 18627 ||| Stepping ~*~*~tactically~*~*~ (hiding).
 18762 | D:15     | 18762 ||| Stepping ~*~*~tactically~*~*~ (stealth).
 18764 | D:15     | 18764 ||| Stepping ~*~*~tactically~*~*~ (stealth).
 18766 | D:15     | 18766 ||| Stepping ~*~*~tactically~*~*~ (stealth).
 18768 | D:15     | 18768 ||| Stepping ~*~*~tactically~*~*~ (stealth).
 18770 | D:15     | 18770 ||| Stepping ~*~*~tactically~*~*~ (stealth).
 18772 | D:15     | 18772 ||| Stepping ~*~*~tactically~*~*~ (stealth).
 18774 | D:15     | 18774 ||| Stepping ~*~*~tactically~*~*~ (stealth).
 18820 | D:15     | 18820 ||| Stepping ~*~*~tactically~*~*~ (stealth).
 18821 | D:15     | 18821 ||| INVOKING Heroism.
 18917 | D:15     | Found a staircase to the Depths.
 18989 | D:15     | 18989 ||| Stepping ~*~*~tactically~*~*~ (stealth).
 19161 | D:15     | Found a sparkling altar of Nemelex Xobeh.
 19234 | D:15     | 19234 ||| PLANNING ORC
 19318 | Orc:1    | Entered Level 1 of the Orcish Mines
 19321 | Orc:1    | 19321 ||| Stepping ~*~*~tactically~*~*~ (stealth).
 19323 | Orc:1    | 19323 ||| Stepping ~*~*~tactically~*~*~ (stealth).
 19325 | Orc:1    | 19325 ||| Stepping ~*~*~tactically~*~*~ (stealth).
 19327 | Orc:1    | 19327 ||| Stepping ~*~*~tactically~*~*~ (stealth).
 19491 | Orc:2    | Entered Level 2 of the Orcish Mines
 19505 | Orc:2    | 19505 ||| Stepping ~*~*~tactically~*~*~ (stealth).
 19512 | Orc:2    | 19512 ||| INVOKING Heroism.
 19524 | Orc:2    | Received a gift from Okawaru
 19531 | Orc:2    | HP: 20/96 [orc warrior/+0 glaive (6)]
 19532 | Orc:2    | 19532 ||| READING 10 scrolls of teleportation.
 19533 | Orc:2    | 19533 ||| DRINKING 2 potions of heal wounds.
 19648 | Orc:2    | 19648 ||| INVOKING Heroism.
 19659 | Orc:2    | Reached skill level 12 in Armour
 19700 | Orc:2    | 19700 ||| INVOKING Heroism.
 19704 | Orc:2    | Found a staircase to the Elven Halls.
 19772 | Orc:2    | 19772 ||| FLEEEEING.
 19773 | Orc:2    | 19773 ||| FLEEEEING.
 19774 | Orc:2    | 19774 ||| FLEEEEING.
 19775 | Orc:2    | 19775 ||| FLEEEEING.
 19812 | Orc:1    | 19812 ||| INVOKING Heroism.
 19815 | Orc:1    | Reached XP level 16. HP: 101/101 MP: 20/23
 19952 | Orc:2    | 19952 ||| Stepping ~*~*~tactically~*~*~ (stealth).
 19954 | Orc:2    | 19954 ||| Stepping ~*~*~tactically~*~*~ (stealth).
 19956 | Orc:2    | 19956 ||| Stepping ~*~*~tactically~*~*~ (stealth).
 19957 | Orc:2    | 19957 ||| Stepping ~*~*~tactically~*~*~ (stealth).
 19967 | Orc:2    | 19967 ||| Stepping ~*~*~tactically~*~*~ (hiding).
 19968 | Orc:2    | 19968 ||| Stepping ~*~*~tactically~*~*~ (hiding).
 19969 | Orc:2    | 19969 ||| Stepping ~*~*~tactically~*~*~ (hiding).
 19980 | Orc:2    | 19980 ||| Stepping ~*~*~tactically~*~*~ (hiding).
 19994 | Orc:2    | 19994 ||| Stepping ~*~*~tactically~*~*~ (hiding).
 19995 | Orc:2    | 19995 ||| Stepping ~*~*~tactically~*~*~ (hiding).
 20007 | Orc:2    | 20007 ||| Stepping ~*~*~tactically~*~*~ (hiding).
 20014 | Orc:2    | Found Koxuul's Self-Improvement Boutique.
 20076 | Orc:2    | 20076 ||| Stepping ~*~*~tactically~*~*~ (stealth).
 20078 | Orc:2    | Noticed Rupert
 20079 | Orc:2    | 20079 ||| Stepping ~*~*~tactically~*~*~ (stealth).
 20080 | Orc:2    | 20080 ||| Stepping ~*~*~tactically~*~*~ (stealth).
 20081 | Orc:2    | 20081 ||| INVOKING Heroism.
 20082 | Orc:2    | 20082 ||| INVOKING Finesse.
 20086 | Orc:2    | 20086 ||| Stepping ~*~*~tactically~*~*~ (stealth).
 20087 | Orc:2    | 20087 ||| Stepping ~*~*~tactically~*~*~ (stealth).
 20088 | Orc:2    | 20088 ||| Stepping ~*~*~tactically~*~*~ (stealth).
 20094 | Orc:2    | Killed Rupert
 20098 | Orc:2    | 20098 ||| Stepping ~*~*~tactically~*~*~ (hiding).
 20132 | Orc:2    | 20132 ||| Stepping ~*~*~tactically~*~*~ (hiding).
 20143 | Orc:2    | 20143 ||| FLEEEEING.
 20147 | Orc:2    | 20147 ||| FLEEEEING.
 20148 | Orc:2    | 20148 ||| FLEEEEING.
 20154 | Orc:2    | 20154 ||| FLEEEEING.
 20155 | Orc:2    | 20155 ||| FLEEEEING.
 20156 | Orc:2    | 20156 ||| FLEEEEING.
 20157 | Orc:2    | 20157 ||| FLEEEEING.
 20158 | Orc:2    | 20158 ||| STAIRDANCE
 20347 | Orc:1    | Noticed Josephine
 20348 | Orc:1    | 20348 ||| Stepping ~*~*~tactically~*~*~ (stealth).
 20350 | Orc:1    | 20350 ||| Stepping ~*~*~tactically~*~*~ (stealth).
 20352 | Orc:1    | 20352 ||| Stepping ~*~*~tactically~*~*~ (hiding).
 20356 | Orc:1    | 20356 ||| Stepping ~*~*~tactically~*~*~ (hiding).
 20363 | Orc:1    | Killed Josephine
 20684 | Orc:2    | 20684 ||| DROPPING +2 heavy broad axe.
 20749 | Orc:2    | Found Exku's Assorted Antiques.
 20749 | Orc:2    | Found Xonobyegg's Antique Armour Emporium.
 20749 | Orc:2    | Found Poesiaxt's Weapon Shoppe.
 20753 | Orc:2    | Found Cuap's Jewellery Boutique.
 20757 | Orc:2    | 20757 ||| BUYING 2 potions of curing (222 gold).
 20757 | Orc:2    | Bought 2 potions of curing for 222 gold pieces
 20757 | Orc:2    | 20757 ||| BUYING potion of mutation (296 gold).
 20757 | Orc:2    | Bought a potion of mutation for 296 gold pieces
 20758 | Orc:2    | 20758 ||| BUYING glowing cloak (210 gold).
 20758 | Orc:2    | Bought a glowing cloak for 210 gold pieces
 20758 | Orc:2    | 20758 ||| SHOPLISTING jewelled crystal plate armour (2380
                  | gold, have 1531).
 20909 | Orc:2    | 20909 ||| PLANNING SNAKE:1-3
 20909 | Orc:2    | 20909 ||| DROPPING +2 cloak.
 21124 | Snake:1  | Entered Level 1 of the Snake Pit
 21139 | Snake:1  | 21139 ||| Stepping ~*~*~tactically~*~*~ (stealth).
 21149 | Snake:1  | Received a gift from Okawaru
 21150 | Snake:1  | 21150 ||| Stepping ~*~*~tactically~*~*~ (stealth).
 21158 | Snake:1  | 21158 ||| Stepping ~*~*~tactically~*~*~ (stealth).
 21159 | Snake:1  | 21159 ||| Stepping ~*~*~tactically~*~*~ (stealth).
 21161 | Snake:1  | 21161 ||| Stepping ~*~*~tactically~*~*~ (stealth).
 21162 | Snake:1  | 21162 ||| INVOKING Heroism.
 21227 | Snake:1  | 21227 ||| Stepping ~*~*~tactically~*~*~ (hiding).
 21354 | Snake:1  | 21354 ||| Stepping ~*~*~tactically~*~*~ (stealth).
 21356 | Snake:1  | Noticed Kirke
 21358 | Snake:1  | 21358 ||| INVOKING Heroism.
 21359 | Snake:1  | 21359 ||| INVOKING Finesse.
 21366 | Snake:1  | Killed Kirke
 21405 | Snake:1  | You are sucked into a shaft and drop 1 floor!
 21405 | Snake:2  | Found an ancient bone altar of Kikubaaqudgha.
 21411 | Snake:2  | 21411 ||| Stepping ~*~*~tactically~*~*~ (stealth).
 21412 | Snake:2  | 21412 ||| Stepping ~*~*~tactically~*~*~ (stealth).
 21413 | Snake:2  | 21413 ||| Stepping ~*~*~tactically~*~*~ (stealth).
 21421 | Snake:2  | 21421 ||| Stepping ~*~*~tactically~*~*~ (stealth).
 21460 | Snake:2  | 21460 ||| Stepping ~*~*~tactically~*~*~ (stealth).
 21466 | Snake:2  | 21466 ||| Stepping ~*~*~tactically~*~*~ (stealth).
 21474 | Snake:2  | 21474 ||| INVOKING Heroism.
 21479 | Snake:2  | Received a gift from Okawaru
 21702 | Snake:2  | 21702 ||| Stepping ~*~*~tactically~*~*~ (stealth).
 21704 | Snake:2  | 21704 ||| Stepping ~*~*~tactically~*~*~ (stealth).
 21706 | Snake:2  | 21706 ||| Stepping ~*~*~tactically~*~*~ (stealth).
 21713 | Snake:2  | Received a gift from Okawaru
 21714 | Snake:2  | Reached skill level 17 in Axes
 21726 | Snake:2  | Received a gift from Okawaru
 21752 | Snake:1  | 21752 ||| Stepping ~*~*~tactically~*~*~ (stealth).
 21923 | Snake:1  | 21923 ||| Stepping ~*~*~tactically~*~*~ (stealth).
 21924 | Snake:1  | 21924 ||| Stepping ~*~*~tactically~*~*~ (stealth).
 21925 | Snake:1  | 21925 ||| INVOKING Heroism.
 21941 | Snake:1  | 21941 ||| INVOKING Heroism.
 22086 | Snake:1  | 22086 ||| INVOKING Heroism.
 22404 | Snake:1  | 22404 ||| Stepping ~*~*~tactically~*~*~ (stealth).
 22785 | Snake:1  | 22785 ||| READING 14 scrolls of identify.
 22785 | Snake:1  | 22785 ||| IDENTIFYING golden potion
 22786 | Snake:1  | 22786 ||| DRINKING potion of experience.
 22786 | Snake:1  | Reached XP level 17. HP: 108/108 MP: 24/24
 22825 | Snake:2  | 22825 ||| Stepping ~*~*~tactically~*~*~ (hiding).
 22828 | Snake:2  | 22828 ||| Stepping ~*~*~tactically~*~*~ (hiding).
 22829 | Snake:2  | 22829 ||| Stepping ~*~*~tactically~*~*~ (hiding).
 22830 | Snake:2  | 22830 ||| Stepping ~*~*~tactically~*~*~ (hiding).
 22831 | Snake:2  | 22831 ||| INVOKING Heroism.
 22832 | Snake:2  | 22832 ||| Stepping ~*~*~tactically~*~*~ (hiding).
 22834 | Snake:2  | 22834 ||| Stepping ~*~*~tactically~*~*~ (hiding).
 22838 | Snake:2  | 22838 ||| Stepping ~*~*~tactically~*~*~ (hiding).
 22953 | Snake:2  | 22953 ||| Stepping ~*~*~tactically~*~*~ (stealth).
 22955 | Snake:2  | 22955 ||| Stepping ~*~*~tactically~*~*~ (stealth).
 22957 | Snake:2  | 22957 ||| Stepping ~*~*~tactically~*~*~ (stealth).
 22959 | Snake:2  | 22959 ||| Stepping ~*~*~tactically~*~*~ (stealth).
 22961 | Snake:2  | 22961 ||| Stepping ~*~*~tactically~*~*~ (stealth).
 22963 | Snake:2  | 22963 ||| Stepping ~*~*~tactically~*~*~ (stealth).
 22965 | Snake:2  | 22965 ||| Stepping ~*~*~tactically~*~*~ (stealth).
 22967 | Snake:2  | 22967 ||| Stepping ~*~*~tactically~*~*~ (stealth).
 22969 | Snake:2  | 22969 ||| Stepping ~*~*~tactically~*~*~ (stealth).
 22971 | Snake:2  | 22971 ||| Stepping ~*~*~tactically~*~*~ (stealth).
 22973 | Snake:2  | 22973 ||| Stepping ~*~*~tactically~*~*~ (stealth).
 22975 | Snake:2  | 22975 ||| Stepping ~*~*~tactically~*~*~ (stealth).
 23021 | Snake:2  | 23021 ||| Stepping ~*~*~tactically~*~*~ (stealth).
 23023 | Snake:2  | 23023 ||| Stepping ~*~*~tactically~*~*~ (hiding).
 23024 | Snake:2  | 23024 ||| Stepping ~*~*~tactically~*~*~ (hiding).
 23035 | Snake:2  | 23035 ||| INVOKING Heroism.
 23139 | Snake:2  | Identified the +2 buckler "Niukach" {*Slow rElec Str+4
                  | Int+2} (Okawaru gifted it to you on level 2 of the Snake
                  | Pit)
 23139 | Snake:2  | Received a gift from Okawaru
 23140 | Snake:2  | Reached skill level 18 in Axes
 23340 | Snake:2  | 23340 ||| Stepping ~*~*~tactically~*~*~ (stealth).
 23342 | Snake:2  | 23342 ||| Stepping ~*~*~tactically~*~*~ (stealth).
 23344 | Snake:2  | 23344 ||| Stepping ~*~*~tactically~*~*~ (stealth).
 23346 | Snake:2  | 23346 ||| Stepping ~*~*~tactically~*~*~ (hiding).
 23347 | Snake:2  | 23347 ||| Stepping ~*~*~tactically~*~*~ (hiding).
 23348 | Snake:2  | 23348 ||| Stepping ~*~*~tactically~*~*~ (hiding).
 23667 | Snake:2  | 23667 ||| DROPPING amulet of the acrobat.
 23692 | Snake:3  | 23692 ||| Stepping ~*~*~tactically~*~*~ (stealth).
 23694 | Snake:3  | 23694 ||| Stepping ~*~*~tactically~*~*~ (hiding).
 23705 | Snake:3  | 23705 ||| Stepping ~*~*~tactically~*~*~ (hiding).
 23706 | Snake:3  | 23706 ||| Stepping ~*~*~tactically~*~*~ (hiding).
 23723 | Snake:3  | 23723 ||| Stepping ~*~*~tactically~*~*~ (stealth).
 23726 | Snake:3  | 23726 ||| Stepping ~*~*~tactically~*~*~ (stealth).
 23741 | Snake:3  | 23741 ||| Stepping ~*~*~tactically~*~*~ (stealth).
 23743 | Snake:3  | 23743 ||| Stepping ~*~*~tactically~*~*~ (stealth).
 23745 | Snake:3  | 23745 ||| Stepping ~*~*~tactically~*~*~ (stealth).
 23780 | Snake:3  | 23780 ||| Stepping ~*~*~tactically~*~*~ (hiding).
 23796 | Snake:3  | 23796 ||| Stepping ~*~*~tactically~*~*~ (stealth).
 23819 | Snake:3  | 23819 ||| INVOKING Heroism.
 23821 | Snake:3  | 23821 ||| Stepping ~*~*~tactically~*~*~ (hiding).
 23823 | Snake:3  | 23823 ||| Stepping ~*~*~tactically~*~*~ (hiding).
 23836 | Snake:3  | 23836 ||| Stepping ~*~*~tactically~*~*~ (hiding).
 23837 | Snake:3  | 23837 ||| Stepping ~*~*~tactically~*~*~ (hiding).
 23885 | Snake:3  | 23885 ||| Stepping ~*~*~tactically~*~*~ (stealth).
 23991 | Snake:3  | Identified the +0 plate armour of the Game Afoot {Harm
                  | SInv}
 24125 | Snake:3  | 24125 ||| INVOKING Heroism.
 24158 | Snake:3  | 24158 ||| Stepping ~*~*~tactically~*~*~ (stealth).
 24323 | Snake:3  | 24323 ||| Stepping ~*~*~tactically~*~*~ (stealth).
 24325 | Snake:3  | 24325 ||| Stepping ~*~*~tactically~*~*~ (hiding).
 24353 | Snake:3  | 24353 ||| Stepping ~*~*~tactically~*~*~ (stealth).
 24363 | Snake:3  | 24363 ||| Stepping ~*~*~tactically~*~*~ (stealth).
 24365 | Snake:3  | 24365 ||| Stepping ~*~*~tactically~*~*~ (stealth).
 24367 | Snake:3  | 24367 ||| Stepping ~*~*~tactically~*~*~ (stealth).
 24369 | Snake:3  | 24369 ||| Stepping ~*~*~tactically~*~*~ (hiding).
 24472 | Snake:3  | 24472 ||| Stepping ~*~*~tactically~*~*~ (hiding).
 24476 | Snake:3  | 24476 ||| Stepping ~*~*~tactically~*~*~ (hiding).
 24571 | Snake:3  | 24571 ||| PLANNING SWAMP:1-3
 24646 | Swamp:1  | Entered Level 1 of the Swamp
 24659 | Swamp:1  | 24659 ||| Stepping ~*~*~tactically~*~*~ (stealth).
 24660 | Swamp:1  | 24660 ||| INVOKING Heroism.
 24672 | Swamp:1  | Reached XP level 18. HP: 116/116 MP: 25/25
 24677 | Swamp:1  | 24677 ||| DROPPING +1 demon whip of venom.
 24691 | Swamp:1  | 24691 ||| Stepping ~*~*~tactically~*~*~ (stealth).
 24693 | Swamp:1  | 24693 ||| Stepping ~*~*~tactically~*~*~ (hiding).
 24725 | Swamp:1  | 24725 ||| Stepping ~*~*~tactically~*~*~ (stealth).
 24741 | Swamp:1  | 24741 ||| Stepping ~*~*~tactically~*~*~ (stealth).
 24743 | Swamp:1  | 24743 ||| Stepping ~*~*~tactically~*~*~ (stealth).
 24745 | Swamp:1  | 24745 ||| Stepping ~*~*~tactically~*~*~ (stealth).
 24854 | Swamp:1  | 24854 ||| Stepping ~*~*~tactically~*~*~ (stealth).
 24856 | Swamp:1  | 24856 ||| Stepping ~*~*~tactically~*~*~ (stealth).
 24858 | Swamp:1  | 24858 ||| Stepping ~*~*~tactically~*~*~ (stealth).
 24860 | Swamp:1  | 24860 ||| Stepping ~*~*~tactically~*~*~ (stealth).
 24862 | Swamp:1  | 24862 ||| Stepping ~*~*~tactically~*~*~ (stealth).
 24864 | Swamp:1  | 24864 ||| Stepping ~*~*~tactically~*~*~ (stealth).
 24866 | Swamp:1  | 24866 ||| Stepping ~*~*~tactically~*~*~ (stealth).
 24868 | Swamp:1  | 24868 ||| Stepping ~*~*~tactically~*~*~ (stealth).
 24870 | Swamp:1  | 24870 ||| Stepping ~*~*~tactically~*~*~ (stealth).
 24872 | Swamp:1  | 24872 ||| Stepping ~*~*~tactically~*~*~ (stealth).
 24973 | Swamp:1  | 24973 ||| INVOKING Heroism.
 24974 | Swamp:1  | 24974 ||| Stepping ~*~*~tactically~*~*~ (hiding).
 24995 | Swamp:1  | 24995 ||| Stepping ~*~*~tactically~*~*~ (stealth).
 24997 | Swamp:1  | 24997 ||| Stepping ~*~*~tactically~*~*~ (stealth).
 25010 | Swamp:1  | 25010 ||| Stepping ~*~*~tactically~*~*~ (stealth).
 25012 | Swamp:1  | 25012 ||| Stepping ~*~*~tactically~*~*~ (stealth).
 25038 | Swamp:1  | 25038 ||| Stepping ~*~*~tactically~*~*~ (stealth).
 25043 | Swamp:1  | 25043 ||| Stepping ~*~*~tactically~*~*~ (stealth).
 25048 | Swamp:1  | Identified the +3 plate armour of the Gate {Will+}
 25056 | Swamp:1  | 25056 ||| INVOKING Heroism.
 25085 | Swamp:1  | 25085 ||| Stepping ~*~*~tactically~*~*~ (stealth).
 25087 | Swamp:1  | 25087 ||| Stepping ~*~*~tactically~*~*~ (stealth).
 25089 | Swamp:1  | 25089 ||| Stepping ~*~*~tactically~*~*~ (stealth).
 25220 | Swamp:1  | 25220 ||| UPGRADING to +3 plate armour of the Gate {Will+}.
 25230 | Swamp:1  | 25230 ||| DROPPING +1 shadow dragon scales.
 25231 | Swamp:1  | 25231 ||| DROPPING amulet of regeneration.
 25232 | Swamp:1  | 25232 ||| DROPPING ring of ice.
 25248 | Swamp:2  | 25248 ||| INVOKING Heroism.
 25368 | Swamp:2  | 25368 ||| Stepping ~*~*~tactically~*~*~ (hiding).
 25384 | Swamp:2  | 25384 ||| INVOKING Heroism.
 25385 | Swamp:2  | 25385 ||| INVOKING Finesse.
 25693 | Swamp:2  | 25693 ||| Stepping ~*~*~tactically~*~*~ (hiding).
 25696 | Swamp:2  | Found a runed translucent door.
 25965 | Swamp:3  | Identified the +0 plate armour "Laorr" {Will+} (Okawaru
                  | gifted it to you on level 3 of the Swamp)
 25965 | Swamp:3  | Received a gift from Okawaru
 25966 | Swamp:3  | 25966 ||| INVOKING Heroism.
 25967 | Swamp:3  | 25967 ||| INVOKING Finesse.
 25989 | Swamp:3  | 25989 ||| Stepping ~*~*~tactically~*~*~ (stealth).
 26006 | Swamp:3  | 26006 ||| Stepping ~*~*~tactically~*~*~ (stealth).
 26008 | Swamp:3  | 26008 ||| Stepping ~*~*~tactically~*~*~ (stealth).
 26013 | Swamp:3  | 26013 ||| INVOKING Heroism.
 26013 | Swamp:3  | Noticed Nikola
 26018 | Swamp:3  | HP: 11/116 [Nikola/arc of chain lightning (36)]
 26019 | Swamp:3  | 26019 ||| READING 11 scrolls of teleportation.
 26020 | Swamp:3  | 26020 ||| DRINKING 3 potions of heal wounds.
 26061 | Swamp:3  | 26061 ||| INVOKING Heroism.
 26210 | Swamp:3  | 26210 ||| Stepping ~*~*~tactically~*~*~ (stealth).
 26255 | Swamp:3  | 26255 ||| INVOKING Heroism.
 26264 | Swamp:3  | 26264 ||| Stepping ~*~*~tactically~*~*~ (hiding).
 26268 | Swamp:3  | 26268 ||| Stepping ~*~*~tactically~*~*~ (hiding).
 26269 | Swamp:3  | 26269 ||| Stepping ~*~*~tactically~*~*~ (hiding).
 26270 | Swamp:3  | 26270 ||| Stepping ~*~*~tactically~*~*~ (hiding).
 26276 | Swamp:3  | Killed Nikola
 26277 | Swamp:3  | 26277 ||| Stepping ~*~*~tactically~*~*~ (stealth).
 26414 | Swamp:3  | 26414 ||| Stepping ~*~*~tactically~*~*~ (cloud).
 26718 | Swamp:3  | 26718 ||| PLANNING SNAKE:4
 26718 | Swamp:3  | 26718 ||| DROPPING +0 plate armour "Laorr" {Will+}.
 26719 | Swamp:3  | 26719 ||| UPGRADING to +0 pair of gloves.
 26837 | Snake:4  | Entered Level 4 of the Snake Pit
 26837 | Snake:4  | Noticed Aizul
 26838 | Snake:4  | 26838 ||| INVOKING Heroism.
 26846 | Snake:4  | Killed Aizul
 26920 | Snake:4  | Identified the +0 leather armour of the Mantidfly {Slay+3}
 27054 | Snake:4  | 27054 ||| INVOKING Heroism.
 27082 | Snake:4  | Reached skill level 15 in Fighting
 27245 | Snake:4  | 27245 ||| Stepping ~*~*~tactically~*~*~ (hiding).
 27248 | Snake:4  | 27248 ||| Stepping ~*~*~tactically~*~*~ (hiding).
 27252 | Snake:4  | 27252 ||| Stepping ~*~*~tactically~*~*~ (hiding).
 27281 | Snake:4  | 27281 ||| Stepping ~*~*~tactically~*~*~ (hiding).
 27286 | Snake:4  | 27286 ||| Stepping ~*~*~tactically~*~*~ (hiding).
 27381 | Snake:4  | Found Tucoleik's General Store.
 27386 | Snake:4  | 27386 ||| BUYING potion of curing (42 gold).
 27386 | Snake:4  | Bought a potion of curing for 42 gold pieces
 27386 | Snake:4  | 27386 ||| BUYING potion of heal wounds (70 gold).
 27386 | Snake:4  | Bought a potion of heal wounds for 70 gold pieces
 27386 | Snake:4  | 27386 ||| BUYING potion of lignification (42 gold).
 27386 | Snake:4  | Bought a potion of lignification for 42 gold pieces
 27418 | Snake:4  | 27418 ||| INVOKING Heroism.
 27618 | Snake:4  | 27618 ||| INVOKING Heroism.
 27683 | Snake:4  | 27683 ||| Stepping ~*~*~tactically~*~*~ (hiding).
 27696 | Snake:4  | 27696 ||| INVOKING Heroism.
 27697 | Snake:4  | Received a gift from Okawaru
 27741 | Snake:4  | 27741 ||| Stepping ~*~*~tactically~*~*~ (hiding).
 27775 | Snake:4  | 27775 ||| INVOKING Heroism.
 27785 | Snake:4  | Received a gift from Okawaru
 27791 | Snake:4  | HP: 24/119 [salamander mystic/+0 dagger (14)]
 27792 | Snake:4  | 27792 ||| READING 10 scrolls of teleportation.
 27792 | Snake:4  | HP: 9/119 [salamander mystic/+0 dagger (10)]
 27793 | Snake:4  | 27793 ||| DRINKING 3 potions of heal wounds.
 28198 | Snake:4  | 28198 ||| INVOKING Heroism.
 28208 | Snake:4  | HP: 24/119 [guardian serpent (14)]
 28209 | Snake:4  | 28209 ||| READING 9 scrolls of teleportation.
 28210 | Snake:4  | 28210 ||| DRINKING 2 potions of heal wounds.
 28468 | Snake:4  | 28468 ||| Stepping ~*~*~tactically~*~*~ (stealth).
 28469 | Snake:4  | 28469 ||| Stepping ~*~*~tactically~*~*~ (stealth).
 28470 | Snake:4  | 28470 ||| Stepping ~*~*~tactically~*~*~ (stealth).
 28474 | Snake:4  | Reached skill level 15 in Armour
 28520 | Snake:4  | 28520 ||| Stepping ~*~*~tactically~*~*~ (stealth).
 28523 | Snake:4  | 28523 ||| INVOKING Heroism.
 28593 | Snake:4  | 28593 ||| Stepping ~*~*~tactically~*~*~ (stealth).
 28595 | Snake:4  | 28595 ||| Stepping ~*~*~tactically~*~*~ (stealth).
 28602 | Snake:4  | Reached XP level 19. HP: 124/124 MP: 26/26
 28666 | Snake:4  | Received a gift from Okawaru
 28703 | Snake:4  | Reached skill level 9 in Throwing
 28752 | Snake:4  | Got a serpentine rune of Zot
 28753 | Snake:4  | 28753 ||| PLANNING VAULTS:1-4
 28753 | Snake:4  | 28753 ||| UPGRADING to +1 kite shield of cold resistance.
 28763 | Snake:4  | 28763 ||| DROPPING +0 kite shield.
 28764 | Snake:4  | 28764 ||| UPGRADING to +5 ring of evasion.
 28766 | Snake:4  | 28766 ||| DROPPING +4 ring of protection.
 29090 | Vaults:1 | Entered Level 1 of the Vaults
 29091 | Vaults:1 | 29091 ||| PLANNING DESOLATION
 29268 | Vaults:1 | Received a gift from Okawaru
 29269 | Vaults:1 | Reached skill level 15 in Shields
 29440 | Vaults:1 | 29440 ||| INVOKING Heroism.
 29443 | Vaults:1 | Demolished by a vault warden

Levels and vault maps discovered:
D:1:      scummos_arrival_star, layout_rooms
D:2:      layout_basic, chequers_ecumenical_altar_island
D:3:      layout_basic, mainiacjoe_overflow_brackets, nicolae_vehumet_radiance,
          mainiacjoe_overflow_tiny_flanked, amcnicky_mini_rare_corridor_liquid,
          guppyfry_early_orc_mine
D:4:      layout_rooms, nicolae_ru_path_of_blood, lemuel_doored_altar,
          kennysheep_mini_moat, minmay_temple_entry_junction_2,
          kennysheep_orc_chapel
D:5:      layout_loops_ring, kennysheep_mini, led_sif_pool
D:6:      minmay_razor_zed, layout_gridville, grunt_decor_resistance,
          uniq_maggie, uniq_duvessa
D:7:      gammafunk_beogh_shrine, layout_cave_pools, zin_statuary,
          grunt_gozag_statues, serial_shops, shop, enter_bailey_2
D:8:      layout_loops_cross, mainiacjoe_overflow_swirl,
          mainiacjoe_overflow_catwalk, eino_curves_04, grunt_ministairs_13,
          uniq_prince_ribbit1, uniq_gastronok, uniq_erica, uniq_maurice
D:9:      layout_irregular_city, fedhas_altar_3, erik_lair_dragon,
          minmay_lizard_king
D:10:     layout_roguey, orc_0_dummy, uniq_amaemon
D:11:     layout_cave_pools, dreamdust_princess_corridor,
          kennysheep_big_empty_room, minmay_statues_item
D:12:     layout_basic, minmay_shattered_shrine
D:13:     layout_irregular_city
D:14:     layout_basic, lightli_vaults_fourway_checkpoint,
          gauntlet_entry_generic, infiniplex_staircase_zigzag_4, serial_undead,
          serial_undead_c, serial_undead_d, serial_undead_f, serial_undead_a
D:15:     grunt_enter_depths_snipers, layout_loops_ring,
          nemelex_lonely_heart_becter
Temple:   nicolae_temple_bog_church
Lair:1:   layout_regular_city, uniq_urug
Lair:2:   layout_chaotic_city, guppyfry_snake_entry_island, worms_lemuel
Lair:3:   layout_chaotic_city, minmay_swamp_entry_reptiles, uniq_snorg
Lair:4:   layout_cellular_growth, special_room [special_room_bee],
          lemuel_fruit_tree
Lair:5:   cheibrodos_lair_end_hotspot, layout_misc_corridors,
          minmay_slime_entry_jelly_boxes
Swamp:1:  nicolae_swamp_decorative_isthmus, layout_falls_marsh,
          nicolae_swamp_ascending_descending
Swamp:2:  gammafunk_mikee_crab_dinner, layout_basic_swamp,
          infiniplex_staircase_pool_2, swamp_pool2
Swamp:3:  layout_basic_swamp, infiniplex_staircase_pool, swamp_pool3,
          uniq_nikola
Snake:1:  layout_gridlike, uniq_kirke
Snake:2:  layout_misc_corridors, basic_altar, nicolae_snake_gridmaze_spiral,
          nicolae_snake_single_loop, nrook_guardian_serpent_ordinary
Snake:3:  nrook_guardian_serpent_snake_passage, layout_rooms, st_stairs_1
Snake:4:  snake_pit_salamanders_mu, layout_gridlike, serial_shops,
          nicolae_shop_rolling_square, uniq_aizul
Orc:1:    layout_caves, rock_pile, uniq_josephine
Orc:2:    st_orc_rangers, layout_caves, nicolae_orc_rockfall,
          nicolae_shop_self_help, uniq_rupert
Vaults:1: portal_desolation_entry_salt, nicolae_vaults_turnstiles,
          hangedman_vaults_stretched_pinwheel, nicolae_vaults_mini_display_case,
          vaults_dpeg_spiral, nicolae_vaults_storage_closets_2,
          nicolae_vaults_trapezoid_lopsided_1, dpeg_vaults_monster_row,
          ontoclasm_vaults_ligature, vaults_standard_mumra_x,
          ontoclasm_vaults_fault, nicolae_vaults_ellipses_ellipsis,
          nicolae_vaults_meeting, layout_vaults_ring

Skill      XL: |  1  2  3  4  5  6  7  8  9 10 11 12 13 14 15 16 17 18 19 |
---------------+----------------------------------------------------------+-----
Axes           | 2 3 4 5 6 8 9 10 11 12 14 16 17 18 | 18.0
Fighting       | 4 5 7 9 10 11 12 13 15 | 15.5
Invocations    | 1 4 5 9 10 | 10.0
Armour         | 4 5 6 7 8 9 10 11 12 13 15 | 15.0
Dodging        | 1 2 3 4 5 |  5.0
Shields        | 4 5 6 7 13 14 15 | 15.0
Throwing       | 3 4 5 6 7 8 9 |  9.0

Action                     |  1- 3 |  4- 6 |  7- 9 | 10-12 | 13-15 | 16-18 | 19-21 || total
---------------------------+-------+-------+-------+-------+-------+-------+-------++-------
  Melee: War axe           |   108 |    89 |   168 |   217 |       |       |       ||   582
         Broad axe         |       |       |       |    54 |   524 |   572 |    74 ||  1224
         Flail             |       |       |       |     6 |    15 |       |       ||    21
  Throw: Boomerang         |    23 |    32 |     7 |       |       |     6 |       ||    68
         Javelin           |       |       |       |    37 |   122 |    77 |    16 ||   252
 Invoke: Heroism           |       |       |    11 |    17 |    26 |    28 |     1 ||    83
         Finesse           |       |       |       |     1 |     5 |     4 |       ||    10
    Use: Potion            |     3 |     2 |     3 |       |     3 |     4 |       ||    15
         Scroll            |     2 |     5 |    10 |     3 |    13 |     4 |       ||    37
   Stab: Distracted        |       |       |       |       |       |     1 |       ||     1
         Sleeping          |       |       |       |       |       |     1 |       ||     1
 Armour: Scale mail        |    37 |       |       |       |     4 |       |       ||    41
         Plate armour      |    12 |    53 |    84 |   137 |   327 |   184 |    28 ||   825
         Shadow dragon sca |       |       |       |       |    93 |   170 |       ||   263
  Dodge: Dodged            |    50 |    37 |    46 |    77 |   234 |   197 |    16 ||   657
  Block: Buckler           |    22 |    12 |    27 |    71 |   100 |       |       ||   232
         Kite shield       |       |       |       |       |   178 |   423 |    42 ||   643

Table legend:
 A = Non-vault XP
 B = Vault XP
 C = Vault XP percentage of total XP
 D = Non-vault monster count
 E = Vault monster count
 F = Vault count percentage of total count
                 A         B        C        D         E       F
            +---------+---------+-------+---------+---------+-------
      Total |  182318 |   97787 |  34.9 |     650 |     288 |  30.7
            +---------+---------+-------+---------+---------+-------
        D:1 |      27 |       0 |   0.0 |      17 |       0 |   0.0
        D:2 |      29 |       0 |   0.0 |      13 |       0 |   0.0
        D:3 |      45 |      17 |  27.4 |      11 |       7 |  38.9
        D:4 |     271 |      85 |  23.9 |      31 |       3 |   8.8
        D:5 |     337 |       0 |   0.0 |      14 |       0 |   0.0
        D:6 |     802 |    1793 |  69.1 |      17 |      20 |  54.1
        D:7 |     981 |     146 |  13.0 |      16 |       2 |  11.1
        D:8 |    1588 |    3484 |  68.7 |      21 |       8 |  27.6
        D:9 |    1803 |    1880 |  51.0 |      22 |      18 |  45.0
       D:10 |     963 |    1229 |  56.1 |      17 |       2 |  10.5
       D:11 |    4755 |       0 |   0.0 |      15 |       0 |   0.0
       D:12 |    3141 |    3978 |  55.9 |      10 |      11 |  52.4
       D:13 |    6322 |       0 |   0.0 |      21 |       0 |   0.0
       D:14 |    3204 |   11349 |  78.0 |       7 |      23 |  76.7
       D:15 |    5598 |    2722 |  32.7 |      10 |       3 |  23.1
     Lair:1 |    1726 |     778 |  31.1 |       8 |       1 |  11.1
     Lair:2 |   10448 |     656 |   5.9 |      26 |       4 |  13.3
     Lair:3 |   10680 |    1400 |  11.6 |      39 |       5 |  11.4
     Lair:4 |   12955 |    2159 |  14.3 |      44 |      20 |  31.2
     Lair:5 |   15925 |    7215 |  31.2 |      40 |      38 |  48.7
    Swamp:1 |    7836 |       0 |   0.0 |      19 |       0 |   0.0
    Swamp:2 |   10960 |       0 |   0.0 |      13 |       0 |   0.0
    Swamp:3 |   10529 |    2324 |  18.1 |      22 |       1 |   4.3
    Snake:1 |   12797 |    2014 |  13.6 |      24 |       4 |  14.3
    Snake:2 |   13017 |     992 |   7.1 |      27 |       2 |   6.9
    Snake:3 |   15488 |    1848 |  10.7 |      35 |       4 |  10.3
    Snake:4 |   18649 |   32023 |  63.2 |      44 |      50 |  53.2
      Orc:1 |    2849 |    2387 |  45.6 |      23 |       6 |  20.7
      Orc:2 |    2345 |    7588 |  76.4 |      34 |      41 |  54.7
   Vaults:1 |    6248 |    8164 |  56.6 |      10 |       9 |  47.4
   Gauntlet |       0 |    1556 | 100.0 |       0 |       6 | 100.0
            +---------+---------+-------+---------+---------+-------
